 Dungeon Crawl Stone Soup version 0.20.1-1-g8b1a95d66d (webtiles) character file.

182 Peloso the Shield-Bearer (level 5, -1/36 HPs)
             Began as a Halfling Fighter on Nov 18, 2017.
             Killed from afar by Pikel (19 damage)
             ... with a wand of acid (?/15)
             ... on level 4 of the Dungeon.
             The game lasted 00:08:00 (3280 turns).

Peloso the Shield-Bearer (Halfling Fighter)         Turns: 3280, Time: 00:08:01

Health: -1/36      AC:  7    Str: 23    XL:     5   Next: 93%
Magic:  5/5        EV: 16    Int:  6    God:
Gold:   159        SH: 11    Dex: 14    Spells: 4/4 levels left

rFire    + . .     SeeInvis .   a - +0 long sword
rCold    . . .     Gourm    .   c - +1 shield
rNeg     . . .     Faith    .   b - +0 scale mail
rPois    .         Spirit   .   (no helmet)
rElec    .         Reflect  .   (no cloak)
rCorr    .         Harm     .   (no gloves)
MR       .....                  (no boots)
Stlth    ..........             (no amulet)
Regen    0.2/turn               h - +6 ring of evasion
MPRegen  0.1/turn               o - ring of protection from fire

@: mighty
A: mutation resistance 1
a: no special abilities


You were on level 4 of the Dungeon.
You were not hungry.

You visited 1 branch of the dungeon, and saw 4 of its levels.

You collected 159 gold pieces.

Inventory:

Hand Weapons
 a - a +0 long sword (weapon)
Armour
 b - a +0 scale mail (worn)
 c - a +1 shield (worn)
Jewellery
 h - a +6 ring of evasion (left hand)
 o - a ring of protection from fire (right hand)
Wands
 g - a wand of flame (17/48)
Scrolls
 k - a scroll of magic mapping
 s - 2 scrolls of enchant armour
 t - 3 scrolls of remove curse
 y - a scroll of teleportation {unknown}
 C - a scroll of blinking {unknown}
Potions
 e - 3 potions of curing
 p - a potion of ambrosia
 u - a potion of berserk rage
 v - a potion of brilliance
 w - a potion of heal wounds
Books
 z - a book of Misfortune

   Spells                             Type                      Level
   a - Confusing Touch                Hexes                        1
   b - Confuse                        Hexes                        3
   c - Gell's Gravitas                Translocation                3
   d - Petrify                        Transmutation/Earth          4
   e - Metabolic Englaciation         Hexes/Ice                    5
   f - Yara's Violent Unravelling     Hexes/Transmutation          5
Comestibles
 f - 3 bread rations
 i - 2 chunks of flesh
 q - 2 meat rations
 x - a royal jelly


   Skills:
 + Level 3.1 Fighting
 + Level 3.1 Long Blades
 + Level 4.4 Armour
 + Level 1.4 Dodging
 + Level 0.2 Stealth
 + Level 4.5 Shields


You had 4 spell levels left.
You didn't know any spells.

Dungeon Overview and Level Annotations

Branches:
Dungeon (4/15)
 Temple: D:4-7

Altars:
Cheibriados
Elyvilon
Gozag
Nemelex Xobeh
Ru
Vehumet
Yredelemnul
Zin
The Shining One

Annotations:
D:4 Pikel


Innate Abilities, Weirdness & Mutations

You are small and have problems with some larger weapons.
You are somewhat resistant to further mutation.


Message History

You butcher the human corpse.
i - 3 chunks of flesh You see here an animal skin. x2
Eating one of 3 chunks of flesh.
You eat one of the 3 chunks of flesh.
This raw flesh tastes terrible.
e - 3 potions of curing (gained 2) 2 slaves and Pikel come into view.
Pikel is wielding a whip of flaming.
Pikel shouts!
The slave shouts! x2
There are monsters nearby!
There are monsters nearby!
A slave comes into view.
The slave shouts!
Pikel zaps a wand.
The bolt of acid hits you!
You are splashed with acid!
The acid burns!
It is a wand of acid (?/15).
You see here an animal skin.
You feel very mighty all of a sudden. You block Pikel's attack.
You closely miss Pikel.
Pikel zaps a wand.
The bolt of acid hits you!
Ouch! That really hurt!
You die...

## . . #. #.### ...#
#.######### #
#pK@......# ...
#.#.#p#######.# ....
#.#.#[#.#
#...##.#p#.#.#####
......p.KK...#8_8# ##
#........p...#...# ...
. .....#.#...#...##...#
#...#..#.#.#.##.###...#
.................>....#


You could see Pikel and 2 slaves.

Vanquished Creatures
  A slave (D:4)
  Natasha (thrice) (D:3)
  3 adders
  An ooze (D:1)
  A worm (D:2)
  3 dart slugs
  A leopard gecko (D:3)
  10 orcs (D:3)
  6 bats
  2 giant cockroaches
  9 goblins
  2 hobgoblins
  A quokka (D:4)
  A ball python (D:2)
  A frilled lizard (D:2)
  5 kobolds
  10 rats
60 creatures vanquished.

Notes
Turn   | Place    | Note
-------+----------+-------------------------------------------
     0 | D:1      | Peloso the Halfling Fighter began the quest for the Orb.
     0 | D:1      | Reached XP level 1. HP: 15/15 MP: 1/1
   172 | D:1      | Reached XP level 2. HP: 11/20 MP: 2/2
   647 | D:1      | Reached XP level 3. HP: 25/25 MP: 3/3
  1034 | D:2      | Found a radiant altar of Vehumet.
  1219 | D:2      | Reached XP level 4. HP: 12/31 MP: 4/4
  1706 | D:3      | Found a sparkling altar of Nemelex Xobeh.
  1835 | D:3      | Reached skill level 1 in Dodging
  2515 | D:3      | Found a basalt altar of Yredelemnul.
  2682 | D:3      | Reached XP level 5. HP: 36/36 MP: 5/5
  2775 | D:3      | Noticed Natasha
  2786 | D:3      | Killed Natasha
  2789 | D:3      | Noticed Natasha
  2799 | D:3      | Killed Natasha
  2811 | D:3      | Found a white marble altar of Elyvilon.
  2851 | D:3      | Found a glowing silver altar of Zin.
  3048 | D:3      | Found a snail-covered altar of Cheibriados.
  3048 | D:3      | Found a glowing golden altar of the Shining One.
  3048 | D:3      | Found a sacrificial altar of Ru.
  3111 | D:3      | Noticed Natasha
  3119 | D:3      | Killed Natasha
  3202 | D:4      | Found an opulent altar of Gozag.
  3220 | D:4      | Noticed a slave
  3246 | D:4      | Killed a slave
  3263 | D:4      | Noticed Pikel
  3263 | D:4      | Noticed a slave
  3263 | D:4      | Noticed a slave
  3268 | D:4      | Noticed a slave
  3280 | D:4      | Killed from afar by Pikel

Skill      XL: |  1  2  3  4  5 |
---------------+----------------+-----
Armour         | 4 |  4.4
Fighting       | 3 |  3.1
Shields        | 4 |  4.5
Dodging        | 1 |  1.4
Long Blades    | 3 |  3.1
Stealth        | |  0.2

Action                   |  1- 3 |  4- 6 || total
-------------------------+-------+-------++-------
Melee: Long sword        |   106 |   216 ||   322
  Use: Scroll            |       |    13 ||    13
       Potion            |       |     1 ||     1
  Eat: Chunk             |     1 |     7 ||     8
Armor: Scale mail        |    53 |    69 ||   122
Dodge: Dodged            |    46 |   106 ||   152
Block: Shield            |    42 |   165 ||   207
       Rpst.: Long sword |    12 |    36 ||    48
